Construct Section Command Post
Construct Platoon Command Post
Selects Heavy Armor Battlegroup
Selects Engineer Detachments
Construct Field Infirmary
6-pounder Anti-tank Gun Team
Selects Crusader AA Medium Tank
6-pounder Anti-tank Gun Team
Unlock Bishop Self-propelled Artillery
Bishop Self-propelled Artillery
Selects Churchill Black Prince Heavy Tank
Churchill Black Prince Heavy Tank
Selects Light Vehicle Withdraw and Refit
Selects Light Vehicle Withdraw and Refit
Selects Forward Repair Assembly
Selects Designate Targets
6-pounder Anti-tank Gun Team